 Dungeon Crawl Stone Soup version 0.30-a0-1114-gd936c97349 (webtiles) character file.

Game seed: 7574925357655186555

17404 BeingJoeMalik the Destroyer (level 12, -19/64 HPs)
             Began as a Tengu Air Elementalist on Apr 15, 2023.
             Was an Elder of Hepliaklqana.
             Demolished by a wolf spider simulacrum (22 damage)
             ... on level 15 of the Dungeon on Apr 20, 2023.
             The game lasted 01:07:14 (16083 turns).

BeingJoeMalik the Destroyer (TeAE)                 Turns: 16083, Time: 01:07:16

Health: -19/64     AC:  7    Str:  8    XL:     12   Next: 47%
Magic:  35/35      EV: 18    Int: 23    God:    Hepliaklqana [****..]
Gold:   1006       SH:  0    Dex: 16    Spells: 11/30 levels left

rFire   + + +      SeeInvis .    w - staff of earth "Meink" {rF+++ rN+++ rCorr Int-3}
rCold   . . .      Faith    .    (no shield)
rNeg    + + +      Spirit   .    R - +0 troll leather armour
rPois   .          Reflect  .    (helmet restricted)
rElec   .          Rampage  .    M - +1 cloak of Starlight {*Dazzle EV+4 Stlth--}
rCorr   +                        i - +0 pair of gloves
Will    .....                    (boots unavailable) Stlth
                                 (no amulet)
HPRegen 1.10/turn                P - +6 ring of intelligence
MPRegen 0.24/turn                a - ring of magical power

@: flying quickly and evasively, quick
A: reduced essence, beak, talons 3, nimble flight
a: Renounce Religion, Recall Ancestor, Ancestor Identity, Transference, Idealise


You were on level 15 of the Dungeon.
You worshipped Hepliaklqana.
Hepliaklqana was greatly pleased with you.
You visited 2 branches of the dungeon, and saw 14 of its levels.
You also visited: Ossuary and Bailey.

You collected 1006 gold pieces.

Inventory:

Hand Weapons
 B - a +2 trident of venom
Missiles
 e - 23 poisoned darts (quivered)
 m - 13 throwing nets
Armour
 i - a +0 pair of gloves (worn)
 I - the +7 scale mail "Jois" {Str+4 Int+5 Stlth-}
   (You took it off a wight on level 8 of the Dungeon)

   Str:       It affects your strength (+4).
   Int:       It affects your intelligence (+5).
   Stlth:     It makes you less stealthy.
 M - the +1 cloak of Starlight (worn) {*Dazzle EV+4 Stlth--}
   (You found it in a bailey)

   *Dazzle:   It may blind those who miss an attack against the wearer in melee
   combat.
   EV:        It affects your evasion (+4).
   Stlth:     It makes you much less stealthy.
 O - a +2 robe of fire resistance
 R - a +0 troll leather armour (worn)
Magical Staves
 w - the staff of earth "Meink" (weapon) {rF+++ rN+++ rCorr Int-3}
   (You found it on level 4 of the Dungeon)

   [staff of earth]

   Base accuracy: +5 Base damage: 5 Base attack delay: 1.2 This weapon's minimum
   attack delay (0.6) is reached at skill level 12.
   Int:       It affects your intelligence (-3).
   rF:        It renders you almost immune to fire.
   rN:        It renders you almost immune to negative energy.
   rCorr:     It protects you from acid and corrosion.
   It falls into the 'Staves' category.
   It is a one-handed weapon.
Jewellery
 a - a ring of magical power (right hand)
 t - a +6 ring of strength
 v - a ring of fire
 A - a ring of willpower
 E - a +4 ring of protection
 F - a ring of ice
 J - a +6 ring of strength
 L - the ring of Fun {rF- rC+ Dex+5}
   (You took it off a gnoll in a bailey)

   [ring of protection from cold]

   Dex:       It affects your dexterity (+5).
   rF:        It makes you vulnerable to fire.
   rC:        It protects you from cold.
 P - a +6 ring of intelligence (left hand)
Wands
 q - a wand of flame (5)
 z - a wand of acid (11)
 H - a wand of mindburst (7)
Scrolls
 j - 3 scrolls of enchant weapon
 l - 2 scrolls of brand weapon {unknown}
 n - 3 scrolls of fear
 s - 6 scrolls of teleportation
 u - a scroll of blinking
 y - a scroll of poison {unknown}
 C - a scroll of amnesia
 D - a scroll of silence {unknown}
 K - a scroll of magic mapping
 Q - 2 scrolls of identify
Potions
 b - 2 potions of magic
 c - 3 potions of mutation
 d - 4 potions of heal wounds
 f - 4 potions of lignification
 g - a potion of attraction
 h - a potion of ambrosia
 k - 2 potions of brilliance
 o - 4 potions of haste
 p - 2 potions of berserk rage
 r - 2 potions of resistance
 x - 2 potions of might
 G - 3 potions of curing
Miscellaneous
 N - a phantom mirror


   Skills:
 * Level 7.3 Fighting
 - Level 2.1 Dodging
 - Level 2.0 Stealth
 + Level 9.8 Spellcasting
 + Level 13.5 Conjurations
 * Level 4.4 Summonings
 * Level 2.9 Translocations
 - Level 6.0 Ice Magic
 + Level 11.3 Air Magic


You had 11 spell levels left.
You knew the following spells:

 Your Spells              Type           Power      Damage    Failure   Level
a - Shock                 Conj/Air       100%       1d9       1%          1
b - Static Discharge      Conj/Air       100%       2-7/arc   1%          2
c - Momentum Strike       Conj/Tloc      98%        3d10      1%          2
d - Hailstorm             Conj/Ice       54%        3d12      1%          3
e - Airstrike             Air            29%        2d(5-21)  1%          4
f - Frozen Ramparts       Ice            76%        1d12      2%          3
g - Summon Lightning Spi  Summ/Air       47%        N/A       3%          4

Your spell library contained the following spells:

 Spells                   Type           Power      Damage    Failure   Level
 Freeze                   Ice            100%       1d10      1%          1
 Swiftness                Air            59%        N/A       1%          3
 Cigotuvi's Dreadful Rot  Necr/Pois/Air  56%        N/A       2%          2
 Blink                    Tloc           48%        N/A       3%          2
 Lesser Beckoning         Tloc           48%        N/A       3%          2
 Sublimation of Blood     Necr           11%        N/A       13%         2
 Wereblood                Tmut           11%        N/A       13%         2
 Tukima's Dance           Hex            11%        N/A       26%         3
 Passage of Golubria      Tloc           24%        N/A       26%         4
 Dispel Undead            Necr           11%        3d9       63%         4
 Yara's Violent Unravell  Hex/Tmut       5%         3d4       93%         5
 Death Channel            Necr           5%         N/A       100%        6
 Summon Hydra             Summ           15%        N/A       100%        7


Dungeon Overview and Level Annotations

Branches:
Dungeon (12/15)            Temple (1/1) D:4            Lair (0/5) D:8
 Depths (0/4) D:15        Ossuary (visited)          Bailey (visited)
    Orc: D:9-12

Altars:
Ashenzari
Cheibriados
Dithmenos
Elyvilon
Fedhas
Gozag
Hepliaklqana
Kikubaaqudgha
Makhleb
Nemelex Xobeh
Okawaru
Qazlal
Ru
Sif Muna
Trog
Uskayaw
Vehumet
Wu Jian
Xom
Yredelemnul
Zin
The Shining One

Shops:
D:3 (   D:5 [*   D:11 [

Annotations:
D:4 2 transporters
D:5 1 runed translucent door, BlasphemerAmon's ghost, amateur DgRe


Innate Abilities, Weirdness & Mutations

Your life essence is reduced to manifest your ancestor. (-10% HP)
You have a beak for a mouth.
You have claws for feet.
Your magical nature lets you fly swiftly and evasively.


Message History

The enormous slime creature is moderately wounded.
The zap hits the slime creature.
The slime creature is lightly wounded.
Casting: Shock (safe; 1% risk of failure)
Confirm with . or Enter, or press ? or * to list all spells.
Aiming: Shock (safe; 1% risk of failure)
Press: ? - help, Shift-Dir - straight line, f/p - enormous slime creature
Aim: an enormous slime creature (moderately wounded, 94% to hit)
The zap hits the enormous slime creature.
The enormous slime creature is moderately wounded.
The zap hits the slime creature.
The slime creature is lightly wounded.
The enormous slime creature hits you!!!
Ouch! That really hurt!
Found a scroll of identify.
The fire dragon roars deafeningly!
A water elemental comes into view.
You see here a scroll of identify.
Zorana emerges from the mists of memory!
Zorana hits the enormous slime creature with a +0 flail!
As you read the scroll of magic mapping, it crumbles to dust.
You feel aware of your surroundings.
Unknown command.
Unknown command.
Unknown command.
Unknown command.
The large slime creature hits you!!
A large slime creature splits.
Zorana hits the fire dragon with a +0 flail.
The water elemental closely misses Zorana.
Two slime creatures merge to form a very large slime creature.
Two slime creatures merge to form an enormous slime creature.
A wolf spider simulacrum comes into view.
Found 3 scrolls of teleportation.
The wolf spider simulacrum hits you!
The wolf spider simulacrum freezes you!!
* * * LOW HITPOINT WARNING * * *
The wolf spider simulacrum bites you.
* * * LOW HITPOINT WARNING * * *
The wolf spider simulacrum freezes you!!
You die...

~~~~****************
,,,,,,,,,,,,,,,,,,,*
~~~~***********###,*
~~~,,,,******,,..#.#
~~~,**,*,,,,,,,..#.###
~~~,**,*,****,##.#...#
,,,,**,,,**,,,,.?#.#.#
,,,,,,,,,**,**,#.Z...#
~~~~****,**,**,#@#.#**
~~~~,* *,**,,,,#...#
~~~~,***,****####..#
~~~~,,,,,* #.J..##
~~~~,***** ##D####
~,,,,* #.D.#,*
~,~~,########.#.#,******
~,~~*#.....#ER#........*
,,,,,#........#.#.####.*


You could see a wolf spider simulacrum.

Vanquished Creatures
  A boulder beetle (D:11)
  A tengu warrior (D:11)
  Maurice (D:12)
  A kobold demonologist (D:11)
  2 rime drakes (D:11)
  An unseen horror (D:12)
  4 trolls
  Prince Ribbit (D:5)
  A centaur simulacrum (D:11)
  2 shadows
  3 wraiths
  4 yaks
  2 wyverns (D:9)
  3 acid dragons
  A black bear (D:7)
  A sky beast (D:4)
  3 orc warriors
  An ice beast (D:7)
  4 wolves (Bailey)
  2 ogres
  5 centaurs
  A kobold brigand (D:7)
  A phantom (D:4)
  2 scorpions
  3 bullfrogs
  7 gnoll sergeants
  13 wights
  9 killer bees (D:9)
  A howler monkey (D:9)
  A centaur zombie (Ossuary)
  5 hounds
  5 human zombies (Ossuary)
  A jelly (D:4)
  5 gnoll boudas
  2 orc priests
  A sleepcap (D:5)
  Ijyb (D:5)
  8 orc wizards
  2 iguanas
  A mummy (Ossuary)
  24 gnolls
  9 adders
  3 worms
  3 dart slugs
  34 orcs
  4 bats
  5 endoplasms
  4 giant cockroaches
  4 goblins
  8 hobgoblins
  3 jackals (D:4)
  12 kobolds
  4 quokkas
  11 ball pythons
  5 frilled lizards
  A goblin zombie (D:8)
  3 rats (D:1)
250 creatures vanquished.

Vanquished Creatures (collateral kills)
  A two-headed ogre (D:11)
  A deep elf pyromancer (D:12)
  An ugly thing (D:11)
  A manticore (D:12)
  A yaktaur (D:11)
  3 trolls
  A hornet (D:10)
  A wyvern (D:9)
  3 shadows
  A wraith (D:10)
  A vampire (D:10)
  3 yaks
  2 steam dragons
  2 acid dragons
  4 orc warriors
  4 centaurs
  3 wolves (Bailey)
  An elf zombie (Ossuary)
  A bullfrog (D:8)
  3 gnoll sergeants (Bailey)
  A scorpion (D:6)
  5 wights
  5 killer bees (D:9)
  3 centaur zombies (Ossuary)
  2 orc priests (D:12)
  A gnoll bouda (Bailey)
  A hound (D:7)
  2 human zombies (Ossuary)
  3 orc wizards
  2 mummies (Ossuary)
  9 gnolls
  An orc (D:12)
  A goblin zombie (D:8)
  A kobold (D:7)
75 creatures vanquished.

Vanquished Creatures (others)
  A wight (D:8)
  5 knights
  13 fungi (D:8)
  12 plants (D:8)
31 creatures vanquished.

Grand Total: 356 creatures vanquished

Notes
Turn   | Place    | Note
-------+----------+-------------------------------------------
     0 | D:1      | BeingJoeMalik the Tengu Air Elementalist began the quest
                  | for the Orb.
     0 | D:1      | Reached XP level 1. HP: 10/10 MP: 4/4
    64 | D:1      | Reached skill level 2 in Conjurations
   189 | D:1      | Reached XP level 2. HP: 15/15 MP: 0/6
   248 | D:1      | Learned a level 2 spell: Static Discharge
   251 | D:1      | Learned a level 2 spell: Momentum Strike
   443 | D:1      | Reached skill level 3 in Conjurations
   930 | D:1      | Reached XP level 3. HP: 19/19 MP: 5/7
   998 | D:1      | Reached skill level 4 in Conjurations
  1147 | D:2      | Found a faded altar of an unknown god.
  2215 | D:3      | Found Luhiupli's Antique Weapon Shop.
  2220 | D:3      | Reached skill level 5 in Conjurations
  2220 | D:3      | Reached XP level 4. HP: 24/24 MP: 6/8
  2537 | D:3      | Found a stormy altar of Qazlal.
  2710 | D:3      | Reached skill level 6 in Conjurations
  2872 | D:4      | Noticed a scorpion
  2907 | D:4      | Gained mutation: Your magical nature lets you fly swiftly
                  | and evasively. [Tengu growth]
  2907 | D:4      | Reached XP level 5. HP: 27/28 MP: 1/9
  2983 | D:4      | Found a transporter.
  3014 | D:4      | Found a transporter.
  3117 | D:4      | Noticed a phantom
  3143 | D:4      | Found a staircase to the Ecumenical Temple.
  3144 | D:4      | Killed a phantom
  3151 | Temple   | Entered the Ecumenical Temple
  3151 | Temple   | Found a transporter.
  3151 | Temple   | Found a transporter.
  3200 | Temple   | Found a transporter.
  3200 | Temple   | Found a transporter.
  3231 | Temple   | Became a worshipper of Hepliaklqana the Forgotten
  3256 | D:4      | Reached skill level 7 in Conjurations
  3256 | D:4      | Reached XP level 6. HP: 32/32 MP: 6/11
  3610 | D:4      | Learned a level 3 spell: Hailstorm
  3801 | D:4      | Reached skill level 8 in Conjurations
  3880 | D:4      | Reached XP level 7. HP: 36/36 MP: 7/13
  4215 | D:4      | Reached skill level 1 in Ice Magic
  4388 | D:4      | Identified the staff of earth "Meink" {rF+++ rN+++ rCorr
                  | Int-3}
  4426 | D:5      | Entered Level 5 of the Dungeon
  4459 | D:5      | Noticed Prince Ribbit
  4469 | D:5      | Killed Prince Ribbit
  4470 | D:5      | Reached skill level 5 in Air Magic
  4470 | D:5      | Reached XP level 8. HP: 27/41 MP: 6/15
  4636 | D:5      | Reached skill level 9 in Conjurations
  4765 | D:5      | Found Ecsib's Armour Shoppe.
  4815 | D:5      | Reached * piety under Hepliaklqana
  4849 | D:5      | Noticed Ijyb
  4888 | D:5      | Killed Ijyb
  4931 | D:5      | Learned a level 4 spell: Airstrike
  5115 | D:5      | Found Gozag's Platinum Reserve.
  5119 | D:5      | Found an opulent altar of Gozag.
  5413 | D:5      | Found a runed translucent door.
  5417 | D:5      | Noticed BlasphemerAmon's ghost (amateur DgRe)
  5606 | D:6      | Reached skill level 1 in Fighting
  5836 | D:6      | Reached skill level 5 in Spellcasting
  6447 | D:6      | Reached ** piety under Hepliaklqana
  6448 | D:6      | Remembered your ancestor Zorana as a knight
  6853 | D:7      | Found an ancient bone altar of Kikubaaqudgha.
  6915 | D:7      | Reached XP level 9. HP: 44/44 MP: 10/18
  7023 | D:7      | Reached skill level 10 in Conjurations
  7084 | D:7      | Found a radiant altar of Vehumet.
  7613 | D:7      | Upgraded the game from 0.30-a0-1082-g70414cbcbb to
                  | 0.30-a0-1114-gd936c97349
  7937 | D:8      | Found a sand-covered staircase.
  7944 | Ossuary  | Entered an ossuary
  8835 | D:8      | Found a staircase to the Lair.
  8878 | D:8      | Identified the +7 scale mail "Jois" {Str+4 Int+5 Stlth-}
  9061 | D:7      | Reached XP level 10. HP: 50/50 MP: 15/21
  9083 | D:8      | Reached skill level 11 in Conjurations
  9562 | D:9      | Found a flagged portal.
  9635 | Bailey   | Entered a bailey
 10100 | Bailey   | Identified the ring of Fun {rF- rC+ Dex+5}
 10506 | Bailey   | Reached skill level 5 in Ice Magic
 10510 | Bailey   | Reached skill level 5 in Fighting
 10622 | Bailey   | Found the +1 cloak of Starlight {*Dazzle EV+4 Stlth--}
 11258 | D:9      | Reached skill level 12 in Conjurations
 11318 | D:9      | Reached XP level 11. HP: 57/57 MP: 18/23
 11802 | D:9      | Reached *** piety under Hepliaklqana
 12091 | D:10     | Entered Level 10 of the Dungeon
 12234 | D:10     | Reached skill level 10 in Air Magic
 12800 | D:10     | Learned a level 3 spell: Frozen Ramparts
 12805 | D:10     | Learned a level 4 spell: Summon Lightning Spire
 12895 | D:10     | Found an ornate altar of the Wu Jian Council.
 13321 | D:10     | Reached **** piety under Hepliaklqana
 13649 | D:11     | Noticed a boulder beetle
 13700 | D:11     | Reached skill level 1 in Summonings
 13721 | D:11     | Found Sucrimemo's Antique Armour Boutique.
 13921 | D:11     | Killed a boulder beetle
 13922 | D:11     | Reached skill level 1 in Translocations
 14048 | D:11     | Noticed a white ugly thing
 14057 | D:11     | Killed a white ugly thing
 14079 | D:11     | Noticed a tengu warrior
 14104 | D:11     | Killed a tengu warrior
 14326 | D:11     | Noticed a two-headed ogre
 14328 | D:11     | Reached skill level 13 in Conjurations
 14333 | D:11     | Killed a two-headed ogre
 14334 | D:11     | Reached XP level 12. HP: 58/63 MP: 15/26
 15081 | D:12     | Noticed Maurice
 15099 | D:12     | Killed Maurice
 15933 | D:12     | You are sucked into a shaft and drop 3 floors!
 15933 | D:15     | Entered Level 15 of the Dungeon
 15958 | D:15     | Noticed a fire dragon
 16083 | D:15     | HP: 3/64 [wolf spider simulacrum (2)]
 16083 | D:15     | Demolished by a wolf spider simulacrum

Illustrated notes

Levels and vault maps discovered:
D:1:      minmay_arrival_nine_rooms, layout_rooms, minmay_surrounded
D:2:      layout_loops_ring, basic_ecumenical_altar
D:3:      layout_rooms, mainiacjoe_overflow_paths, serial_shops,
          nicolae_shop_tiny_real_fake_doors, kennysheep_generic_room_13
D:4:      gammafunk_steamed_eel, layout_cave_pools,
          minmay_temple_entry_sparse_star, minmay_divided_ellipse
D:5:      layout_loops_ring, nicolae_gozag_zags_fifth_avenue, serial_shops,
          nicolae_shop_hallway_plus, ebering_ghost_sewer_d, uniq_prince_ribbit1,
          uniq_ijyb
D:6:      layout_cave_pods
D:7:      layout_loops_ring, nicolae_overflow_hidden_temple, old_standard_altar
D:8:      layout_basic, grunt_lair_entry_orc_guard_hut, enter_ossuary_4,
          kennysheep_dice
D:9:      layout_gridville, enter_bailey_1, st_stairs_11
D:10:     layout_stronghold, general_overflow_altar, hangedman_decor_growths
D:11:     layout_cave_pools, portal_ice_cave_rime, serial_shops, shop,
          grunt_tough_drop
D:12:     layout_grid_maze, orc_0_dummy, special_room [special_room_orc],
          uniq_maurice
D:15:     grunt_enter_depths_hoard, layout_basic, minmay_misc_feat_roman,
          ebering_ghost_rock_garden
Temple:   hellmonk_temple_divided_pantheon

Skill      XL: |  1  2  3  4  5  6  7  8  9 10 11 12 |
---------------+-------------------------------------+-----
Conjurations   | 2 3 5 6 7 8 9 10 12 13 | 13.5
Spellcasting   | 3 4 5 6 7 9 |  9.8
Ice Magic      | 1 3 4 5 6 |  6.0
Air Magic      | 5 6 8 9 10 11 | 11.3
Fighting       | 2 4 5 6 7 |  7.3
Summonings     | 3 4 |  4.4
Translocations | 2 |  2.9
Dodging        | |  2.1
Stealth        | |  2.0

Action                     |  1- 3 |  4- 6 |  7- 9 | 10-12 || total
---------------------------+-------+-------+-------+-------++-------
  Melee: Unarmed           |     7 |       |       |       ||     7
         Dagger            |     1 |       |     2 |       ||     3
         Kick              |     1 |       |     3 |       ||     4
         Staff             |       |       |     4 |       ||     4
         Peck              |       |       |     1 |       ||     1
  Throw: Dart              |       |     4 |     6 |       ||    10
   Cast: Shock             |    83 |   106 |   295 |   506 ||   990
         Momentum Strike   |       |       |     5 |    15 ||    20
         Hailstorm         |       |       |     1 |    26 ||    27
         Static Discharge  |       |       |       |    22 ||    22
         Frozen Ramparts   |       |       |       |     4 ||     4
         Airstrike         |       |       |       |     7 ||     7
 Invoke: Ancestor Life: Kn |       |       |     1 |       ||     1
         Recall Ancestor   |       |       |     2 |     8 ||    10
    Use: Scroll            |       |     8 |     9 |     2 ||    19
         Potion            |       |       |     1 |     4 ||     5
 Armour: Robe              |     5 |     6 |     6 |       ||    17
         Steam dragon scal |       |       |     3 |    21 ||    24
         Troll leather arm |       |       |       |     6 ||     6
  Dodge: Dodged            |     8 |    13 |    48 |   168 ||   237

Table legend: (Time is in decaauts)
 A = Elapsed time spent in this place.
 B = Non-inter-level travel time spent in this place.
 C = Inter-level travel time spent in this place.
 D = Time resting spent in this place.
 E = Time spent auto-exploring this place.
 F = Levels seen in this place.
 G = Mean time per level.
                   A        B        C        D        E       F      G
               +--------+--------+--------+--------+--------+-----+--------+
         Total |  15451 |  14823 |    628 |   4821 |   7448 |  16 |  965.7 |
       Dungeon |  13769 |  13156 |    613 |   3903 |   7190 |  13 | 1059.2 |
        Temple |     96 |     82 |     14 |     18 |     34 |   1 |   96.0 |
       Ossuary |    549 |    549 |      0 |    296 |    128 |   1 |  549.0 |
        Bailey |   1036 |   1036 |      0 |    604 |     95 |   1 | 1036.0 |
               +--------+--------+--------+--------+--------+-----+--------+

Top non-repeatable levels by time:
    D:10: 1536 daAuts
     D:4: 1363 daAuts
     D:9: 1362 daAuts
    D:11: 1214 daAuts
     D:8: 1166 daAuts
     D:2: 1135 daAuts
     D:6: 1123 daAuts
     D:5: 1081 daAuts
  Bailey: 1036 daAuts
     D:1: 1003 daAuts
     D:7: 970 daAuts
    D:12: 892 daAuts
     D:3: 782 daAuts
 Ossuary: 549 daAuts
    D:15: 136 daAuts
